 Dungeon Crawl Stone Soup version 0.29.1-12-g30fa7ad0bf (webtiles) character file.

Game seed: 14695356575243992284

14 Lutefisk the Chopper (level 2, -3/27 HPs)
             Began as a Hill Orc Monk on Dec 20, 2022.
             Slain by a gnoll
             ... wielding a +0 spear
              (6 damage)
             ... on level 1 of the Dungeon.
             The game lasted 00:01:29 (219 turns).

Lutefisk the Chopper (Hill Orc Monk)                 Turns: 219, Time: 00:01:30

Health: -3/27      AC:  2    Str: 13    XL:     2   Next: 41%
Magic:  2/2        EV: 12    Int: 10    God:
Gold:   47         SH:  0    Dex: 13    Spells: 1/1 levels left

rFire   . . .      SeeInvis .   a - +0 hand axe
rCold   . . .      Faith    .   (no shield)
rNeg    . . .      Spirit   .   b - +0 robe
rPois   .          Reflect  .   (no helmet)
rElec   .          Harm     .   (no cloak)
rCorr   .          Rampage  .   (no gloves)
Will    .....                   (no boots)
Stlth   ++........              (no amulet)
HPRegen 0.09/turn               (no ring)
MPRegen 0.08/turn               (no ring)

@: hasted, very quick
A: no striking features
a: no special abilities


You were on level 1 of the Dungeon.
You visited 1 branch of the dungeon, and saw 1 of its levels.

You collected 47 gold pieces.

Inventory:

Hand Weapons
 a - a +0 hand axe (weapon)
Missiles
 d - 4 boomerangs (quivered)
Armour
 b - a +0 robe (worn)
Scrolls
 e - a scroll of amnesia {unknown}
 g - a scroll of poison {unknown}
 h - a scroll of teleportation {unknown}
Potions
 c - a potion of ambrosia


   Skills:
 * Level 4.1 Fighting
 * Level 4.5 Axes
 - Level 2.4 Dodging
 - Level 1.5 Stealth


You had one spell level left.
You didn't know any spells.
Your spell library contained the following spells:

 Spells                   Type           Power      Damage    Failure   Level
 Corpse Rot               Necr/Pois/Air  0%         N/A       98%         4
 Dispel Undead            Necr           0%         3d6       98%         4
 Death Channel            Necr           0%         N/A       100%        6


Dungeon Overview and Level Annotations

Branches:
Dungeon (1/15)

Altars:


Message History

Found a leather armour.
Found a stone staircase leading down.
Found 6 gold pieces.
A goblin comes into view. It is wielding a +0 club.
Found 7 stones.
You now have 41 gold pieces (gained 12).
A gnoll and a bat come into view.
Found a cyan potion.
The bat moves out of view.
You see here a scroll labelled ALOUDW LIDDAHEQ.
h - a scroll labelled ALOUDW LIDDAHEQ You closely miss the bat.
The bat barely misses you. x2
The bat hits you. The bat barely misses you.
You miss the bat. The bat hits you but does no damage.
The bat closely misses you. The bat misses you.
You hit the bat. Your punch misses the bat.
The bat is heavily wounded.
The bat hits you.
A ball python comes into view.
The goblin shouts!
The ball python hisses angrily.
You hear a shout!
You hit the bat.
You kill the bat!
You see here a bat corpse.
You barely miss the goblin. The goblin closely misses you.
You closely miss the ball python. You hit the goblin.
You kill the goblin!
The ball python bites you. The ball python barely misses you.
You hit the ball python.
You kill the ball python!
You now have 47 gold pieces (gained 6).
Things that are here:
a +0 club; a goblin corpse You see here a bat corpse.
The gnoll shouts!
The gnoll hits you from afar with a +0 spear!
The gnoll hits you with a +0 spear!
* * * LOW HITPOINT WARNING * * *
You closely miss the gnoll. The gnoll barely misses you.
It was a potion of haste.
You feel yourself speed up. The gnoll hits you with a +0 spear.
You die...

#.# #.### #.#.##### # ##
#.####.#.....##.# #.##
#...............# #...##
########.....######.....#
#..††.............#
#.#)#.#.#.#.#!....
#.......[.@..# ..#
###.#.#.#g#.## #
#......>..(.#
##.#.#.#.#.##
#...........#
##.#.#.#.#.##
...........# .#. .#. .##


You could see a gnoll.

Vanquished Creatures
  2 ball pythons (D:1)
  A bat (D:1)
  A giant cockroach (D:1)
  2 goblins (D:1)
  2 hobgoblins (D:1)
  2 jackals (D:1)
10 creatures vanquished.

Notes
Turn   | Place    | Note
-------+----------+-------------------------------------------
     0 | D:1      | Lutefisk the Hill Orc Monk began the quest for the Orb.
     0 | D:1      | Reached XP level 1. HP: 19/19 MP: 1/1
   126 | D:1      | Reached XP level 2. HP: 22/27 MP: 2/2
   219 | D:1      | Slain by a gnoll

Illustrated notes

Levels and vault maps discovered:
D:1:      saegor_arrival_simple_a, layout_loops_ring,
          shapermc_ecumenical_altar_mp_highgroup, st_stairs_10,
          minmay_misc_feat_ornament, nicolae_titane

Skill      XL: |  1  2 |
---------------+-------+-----
Fighting       | 4 |  4.1
Axes           | |  4.5
Dodging        | |  2.4
Stealth        | |  1.5

Action                   || total
-------------------------++-------
Melee: Hand axe          ||    23
  Use: Potion            ||     1
Armor: Robe              ||     3
Dodge: Dodged            ||    10
